 Dungeon Crawl Stone Soup version 0.29-a0-275-g389c0b56f3 (webtiles) character file.

Game seed: 4903034416299909788

23 Murumi the Skirmisher (level 2, 32/32 HPs)
             Began as an Ogre Gladiator on Mar 11, 2022.
             Was a Follower of Kikubaaqudgha.
             Quit the game on level 1 of the Dungeon.
             The game lasted 00:03:03 (870 turns).

Murumi the Skirmisher (Ogre Gladiator)               Turns: 870, Time: 00:03:03

Health: 32/32      AC:  3    Str: 17    XL:     2   Next: 95%
Magic:  2/2        EV: 10    Int:  9    God:    Kikubaaqudgha [*.....]
Gold:   29         SH:  0    Dex: 10    Spells: 1/1 levels left

rFire   . . .      SeeInvis .   a - +0 flail
rCold   . . .      Faith    .   (no shield)
rNeg    . . .      Spirit   .   b - +0 robe
rPois   .          Reflect  .   c - +0 hat
rElec   .          Harm     .   (no cloak)
rCorr   .          Rampage  .   (gloves unavailable)
Will    .....                   (boots unavailable)
Stlth   +.........              (no amulet)
HPRegen 0.10/turn               (no ring)
MPRegen 0.08/turn               (no ring)

@: no status effects
A: large, unfitting armour, tough skin 1
a: Renounce Religion, Receive Corpses


You were on level 1 of the Dungeon.
You worshipped Kikubaaqudgha.
Kikubaaqudgha was aware of your devotion.
You visited 1 branch of the dungeon, and saw 1 of its levels.

You collected 29 gold pieces.

Inventory:

Hand Weapons
 a - a +0 flail (weapon)
Missiles
 d - 3 throwing nets
 e - a large rock
 f - 23 stones (quivered)
 g - 6 boomerangs
Armour
 b - a +0 robe (worn)
 c - a +0 hat (worn)
Scrolls
 h - a scroll of identify {unknown}


   Skills:
 + Level 3.7 Fighting
 - Level 3.0 Maces & Flails
 - Level 2.0 Throwing
 - Level 3.0 Dodging


You had one spell level left.
You didn't know any spells.
Your spell library contained the following spells:

 Spells                   Type           Power      Damage    Failure   Level
 Animate Skeleton         Necr           0%         N/A       38%         1
 Sublimation of Blood     Necr           0%         N/A       52%         2
 Vampiric Draining        Necr           0%         2d6       77%         3
 Agony                    Necr           0%         N/A       100%        5


Dungeon Overview and Level Annotations

Branches:
Dungeon (1/15)

Altars:
Kikubaaqudgha


Innate Abilities, Weirdness & Mutations

You are too large for most types of armour.
You have tough skin. (AC +1)


Message History

You hit the bat but do no damage. The bat closely misses you.
The bat barely misses you. x2
You thump the bat!
You kill the bat!
You see here a bat corpse.
h - a scroll labelled AVEDOH KURAOGA
Okay, then.
A rat comes into view.
The rat moves out of view.
A rat comes into view.
You closely miss the rat. The rat misses you.
You barely miss the rat. The rat bites you but does no damage.
The rat bites you.
You sock the rat!
You kill the rat!
The rat bites you. The rat barely misses you.
You barely miss the rat. The rat closely misses you.
You completely miss the rat. The rat barely misses you.
You closely miss the rat. The rat closely misses you.
You barely miss the rat. The rat bites you.
You hit the rat.
You kill the rat!
A bat comes into view.
You see here a rat corpse.
You sock the bat!
You kill the bat!
You open the door.
Found a faded altar of an unknown god.
There is an open door here.
You start waiting.
Done waiting.
There is a faded altar of an unknown god here.
You cannot tell which god this altar belongs to.
Convert to them anyway?
Kikubaaqudgha accepts your prayer! Kikubaaqudgha welcomes you!
You can now receive cadavers from Kikubaaqudgha.
Kikubaaqudgha grants you a gift!
You add the spells Animate Skeleton, Sublimation of Blood, Vampiric Draining and Agony to your library.
There is an ancient bone altar of Kikubaaqudgha here.
Are you sure you want to abandon this character and quit the game? (Confirm with "yes".)

..#.#.#..###.........
#
...###.#......###.###
#
#)#.#.##.#..#.###.####
#
#.##.###.......†.....#
# #.##.#
#######†####### #
#.##.# #..#.#..# #
#.##.# #.†#.'..#######
# #.##.#
##+##..#.#..#.....# #
..##.#
#......#@#..#####.# #
####.# #...#..###..#
#.# # #.#
#####......### #.# #
#..8#...###..# #.# #
##..#####.....# #.# #
#.............# #.# #
#..##.####..### #.# #
##.##)####.## #.# #
#.##......# #.### #


There were no monsters in sight!

Vanquished Creatures
  A dart slug (D:1)
  2 ball pythons (D:1)
  An endoplasm (D:1)
  A giant cockroach (D:1)
  A goblin (D:1)
  3 hobgoblins (D:1)
  A quokka (D:1)
  4 bats (D:1)
  A kobold (D:1)
  5 rats (D:1)
20 creatures vanquished.

Notes
Turn   | Place    | Note
-------+----------+-------------------------------------------
     0 | D:1      | Murumi the Ogre Gladiator began the quest for the Orb.
     0 | D:1      | Reached XP level 1. HP: 22/22 MP: 1/1
    12 | D:1      | Noticed a yaktaur
    12 | D:1      | Noticed a ragged hierophant
    12 | D:1      | Noticed a tyrant leech
    12 | D:1      | Noticed a basilisk
   225 | D:1      | Reached XP level 2. HP: 31/31 MP: 2/2
   765 | D:1      | Found a faded altar of an unknown god.
   869 | D:1      | Prayed at the altar of an unknown god.
   869 | D:1      | Became a worshipper of Kikubaaqudgha
   869 | D:1      | Reached * piety under Kikubaaqudgha
   869 | D:1      | Received a gift from Kikubaaqudgha
   870 | D:1      | Quit the game

Illustrated notes

Levels and vault maps discovered:
D:1:      onia_arrival_zoo_common, layout_loops_ring,
          shapermc_ecumenical_altar_mp_vishouse, chequers_serial_rivers_marsh,
          minmay_tromino_v7

Skill      XL: |  1  2 |
---------------+-------+-----
Fighting       | 3 |  3.7
Maces & Flails | 3 |  3.0
Dodging        | 3 |  3.0
Throwing       | |  2.0

Action                   || total
-------------------------++-------
Melee: Flail             ||    75
Throw: Stone             ||    17
Armor: Robe              ||    35
Dodge: Dodged            ||    55

Table legend: (Time is in decaauts)
 A = Elapsed time spent in this place.
 B = Non-inter-level travel time spent in this place.
 C = Inter-level travel time spent in this place.
 D = Time resting spent in this place.
 E = Time spent auto-exploring this place.
 F = Levels seen in this place.
 G = Mean time per level.
                   A        B        C        D        E       F      G
               +--------+--------+--------+--------+--------+-----+--------+
         Total |    890 |    890 |      0 |    100 |    611 |   1 |  890.0 |
       Dungeon |    890 |    890 |      0 |    100 |    611 |   1 |  890.0 |
               +--------+--------+--------+--------+--------+-----+--------+

Top non-repeatable levels by time:
     D:1: 890 daAuts
